 Dungeon Crawl Stone Soup version 0.29-a0-1009-g60c99734e7 (webtiles) character file.

Game seed: 6373813666851970024

34 spaghetti the Trooper (level 3, 0/34 HPs)
             Began as a Naga Fighter on Aug 8, 2022.
             Slain by a gnoll
             ... wielding a +0 whip
              (7 damage)
             ... on level 2 of the Dungeon.
             The game lasted 00:01:19 (1023 turns).

spaghetti the Trooper (Naga Fighter)                Turns: 1023, Time: 00:01:19

Health: 0/34       AC:  4    Str: 20    XL:     3   Next: 31%
Magic:  3/3        EV:  7    Int:  8    God:
Gold:   39         SH:  4    Dex: 10    Spells: 2/2 levels left

rFire   . . .      SeeInvis +     - Unarmed
rCold   . . .      Faith    .   b - +0 buckler
rNeg    . . .      Spirit   .   a - +0 scale mail
rPois   +          Reflect  .   (no helmet)
rElec   .          Harm     .   (no cloak)
rCorr   .          Rampage  .   (no gloves)
Will    +....                   (no barding)
Stlth   ..........              (no amulet)
HPRegen 0.11/turn               s - ring of willpower
MPRegen 0.08/turn               (no ring)

@: very slow
A: AC +1, large, see invisible, deformed body, poison resistance, slowness 2,
spit poison 1, naga tail 1
a: Spit Poison


You were on level 2 of the Dungeon.
You visited 1 branch of the dungeon, and saw 2 of its levels.

You collected 39 gold pieces.


Innate Abilities, Weirdness & Mutations

Your serpentine skin is tough. (AC +1)
You have supernaturally acute eyesight. (SInv)
Armour fits poorly on your strangely shaped body.
Your system is resistant to poisons. (rPois)
You cover ground very slowly.
You can spit poison.
You have a snake-like lower body.


   Skills:
 - Level 3.0 Fighting
 + Level 3.0 Armour
 - Level 2.6 Shields
 + Level 2.9 Unarmed Combat


You had 2 spell levels left.
You didn't know any spells.
Your spell library was empty.

Inventory:

Hand Weapons
 e - a +0 sling
   (You found it on level 1 of the Dungeon)
 f - a +0 long sword {long}
   (You found it on level 1 of the Dungeon)
 h - a +0 quarterstaff {staff}
   (You found it on level 1 of the Dungeon)
 i - a +0 dagger {short}
   (You took it off a goblin on level 1 of the Dungeon)
 j - a +0 short sword {short}
   (You found it on level 1 of the Dungeon)
 k - a +0 mace {mace}
   (You found it on level 1 of the Dungeon)
 m - a +0 spear {polearm}
   (You found it on level 1 of the Dungeon)
 n - a +0 quarterstaff {staff}
   (You found it on level 1 of the Dungeon)
 p - a +0 club {mace}
   (You took it off a kobold on level 1 of the Dungeon)
Missiles
 o - 6 stones (quivered) {throwing}
 q - 3 boomerangs {throwing}
Armour
 a - a +0 scale mail (worn)
 b - a +0 buckler (worn)
Jewellery
 s - a ring of willpower (left hand)
   (You found it on level 1 of the Dungeon)
Scrolls
 d - 2 scrolls of identify {unknown}
 l - a scroll of poison {unknown}
Potions
 c - a potion of might
 g - a potion of mutation {unknown}
 r - a potion of haste {unknown}

Dungeon Overview and Level Annotations

Branches:
Dungeon (2/15) Zot: 10752

Altars:

.# .. ..# ..♣#
#.. . #.♣ .♣
.♣♣♣♣♣♣#.# .#
g......@.# ♣.♣
.♣♣♣♣♣♣g.##..####
...###........#
..........#####
##......#<#
#........#
##.###...# :..
.....# ♣..
......#


You could see 2 gnolls.


Message History

You hit the dart slug.
The dart slug bites you but does no damage.
You hit the dart slug. You hit the dart slug.
The dart slug briefly extends its eye-stalks.
The dart slug bites you but does no damage.
You hit the dart slug.
You kill the dart slug!
You have reached level 3!
Your experience leads to an increase in your attributes!
Increase (S)trength, (I)ntelligence, or (D)exterity?
You feel stronger. x2; Your skin feels tougher. 😕 HP[+6] MP[+1]
You now have 34 max hp (+6).
You regained 6 hp, and now have 31/34 hp.
Your mp is fully restored (3).
You now have 39 gold pieces (gained 14).
q - 3 boomerangs {throwing} Key pressed, stopping explore.
Found a stone staircase leading down. 😎 HP[+3]
Your hp is fully restored (34).
There is a stone staircase leading down here.
r - an inky potion
There is a stone staircase leading down here.
s - a ring of willpower No target in view!
No target in view!
s - a ring of willpower (left hand) Done exploring.
Done exploring.
Done exploring.
Done exploring.
No target in view!
Done exploring.
(D) Dungeon
Where to? (? - help)
There is a stone staircase leading down here.
You climb downwards.
The gnoll shouts!
You hear a shout!
You hear an angry hiss.
Found a stone staircase leading up.
There is a stone staircase leading up here.
A gnoll is nearby!
Unknown command.
Unknown command.
A gnoll is nearby!
A gnoll is nearby!
You barely miss the gnoll. The gnoll barely misses you.
You closely miss the gnoll.
The gnoll hits you with a +0 whip! 😕 HP[-7]
You take 7 damage, and now have 27/34 hp.
MASSIVE DAMAGE!! (PAUSE) Unknown command.
You completely miss the gnoll. The gnoll barely misses you.
You closely miss the gnoll. The gnoll hits you but does no damage.
You hit the gnoll. The gnoll barely misses you.
You hit the gnoll.
The gnoll hits you with a +0 whip. 😮 HP[-4]
You take 4 damage, and now have 23/34 hp.
You barely miss the gnoll. The gnoll hits you but does no damage.
You hit the gnoll but do no damage. The gnoll hits you with a +0 whip.
A frilled lizard comes into view. 😮 HP[-2]
You take 2 damage, and now have 21/34 hp.
You barely miss the gnoll. The gnoll hits you with a +0 whip.
* * * LOW HITPOINT WARNING * * *
😨 HP[-4]
You take 4 damage, and now have 17/34 hp.
Unknown command.
You hit the gnoll.
You kill the gnoll!
Your Armour skill increases to level 3!
A gnoll comes into view. It is wielding a +0 whip.
The gnoll shouts!
You see here a +0 whip {mace}.
The frilled lizard bites you but does no damage.
You closely miss the frilled lizard.
The frilled lizard completely misses you.
You hit the frilled lizard.
You kill the frilled lizard!
You hit the gnoll. The gnoll hits you with a +0 whip.
* * * LOW HITPOINT WARNING * * *
😨 HP[-4]
You take 4 damage, and now have 13/34 hp.
You hit the gnoll. The gnoll hits you with a +0 whip.
* * * LOW HITPOINT WARNING * * *
😨 HP[-2]
You take 2 damage, and now have 11/34 hp.
You punch the gnoll! You barely miss the gnoll.
The gnoll hits you with a +0 whip.
* * * LOW HITPOINT WARNING * * *
😱 HP[-4]
You take 4 damage, and now have 7/34 hp.
You hit the gnoll but do no damage.
A gnoll comes into view. It is wielding a +0 spear.
The gnoll closely misses you.
You closely miss the gnoll.
The gnoll shouts!
The gnoll hits you with a +0 whip!
You die...

Skill      XL: |  1  2  3 |
---------------+----------+-----
Armour         | 3 |  3.0
Fighting       | |  3.0
Shields        | |  2.6
Unarmed Combat | |  2.9

Action                   || total
-------------------------++-------
Melee: Unarmed           ||    85
Throw: Stone             ||    10
Armor: Scale mail        ||    20
Dodge: Dodged            ||    32
Block: Buckler           ||     8

Levels and vault maps discovered:
D:1:      spicycebolla_arrival_ecumenical, layout_loops_cross,
          minmay_worlds_worst_comb
D:2:      layout_basic, serial_forest, infiniplex_forest_straight_4,
          infiniplex_forest_clump_medium, infiniplex_forest_lined_3_way,
          infiniplex_forest_end_3, infiniplex_forest_lined_room_2,
          infiniplex_forest_lined_2, infiniplex_forest_lined_4_way,
          infiniplex_forest_end_1, infiniplex_forest_straight_2

Notes
Turn   | Place    | Note
-------+----------+-------------------------------------------
     0 | D:1      | spaghetti the Naga Fighter began the quest for the Orb.
     0 | D:1      | Reached XP level 1. HP: 21/21 MP: 1/1
     0 | D:1      | magus.rc [v1.9.6]
   412 | D:1      | Reached XP level 2. HP: 28/28 MP: 2/2
   823 | D:1      | Reached XP level 3. HP: 31/34 MP: 3/3
  1014 | D:2      | Reached skill level 3 in Armour
  1021 | D:2      | HP: 7/34 [gnoll/+0 whip (4)]
  1023 | D:2      | Slain by a gnoll

Vanquished Creatures
  A gnoll (D:2)
  2 dart slugs (D:1)
  An endoplasm (D:1)
  4 giant cockroaches (D:1)
  A goblin (D:1)
  2 hobgoblins (D:1)
  A kobold (D:1)
  A quokka (D:1)
  A ball python (D:1)
  2 bats (D:1)
  2 frilled lizards
  2 rats (D:1)
20 creatures vanquished.

Table legend:
 A = Non-vault XP
 B = Vault XP
 C = Vault XP percentage of total XP
 D = Non-vault monster count
 E = Vault monster count
 F = Vault count percentage of total count
                 A         B        C        D         E       F
            +---------+---------+-------+---------+---------+-------
      Total |      41 |       8 |  16.3 |      16 |       4 |  20.0
            +---------+---------+-------+---------+---------+-------
        D:1 |      26 |       8 |  23.5 |      14 |       4 |  22.2
        D:2 |      15 |       0 |   0.0 |       2 |       0 |   0.0
            +---------+---------+-------+---------+---------+-------

Illustrated notes

Table legend:
 A = Kills in this place as a percentage of kills in entire the game.
 B = Kills by you in this place as a percentage of kills by you in the entire game.
 C = Kills by friends in this place as a percentage of kills by friends in the entire game.
 D = Other kills in this place as a percentage of other kills in the entire game.
 E = Experience gained in this place as a percentage of experience gained in the entire game.
 F = Experience gained in this place divided by the number of levels of this place that you have seen.
                   A       B       C       D       E      F
               +-------+-------+-------+-------+-------+----------------------
         Total | 100.0 | 100.0 |   N/A |   N/A | 100.0 |  24.5
       Dungeon | 100.0 | 100.0 |   N/A |   N/A | 100.0 |  24.5
               +-------+-------+-------+-------+-------+----------------------

Table legend: (Time is in decaauts)
 A = Elapsed time spent in this place.
 B = Non-inter-level travel time spent in this place.
 C = Inter-level travel time spent in this place.
 D = Time resting spent in this place.
 E = Time spent auto-exploring this place.
 F = Levels seen in this place.
 G = Mean time per level.
                   A        B        C        D        E       F      G
               +--------+--------+--------+--------+--------+-----+--------+
         Total |   1246 |   1187 |     59 |      5 |   1016 |   2 |  623.0 |
       Dungeon |   1246 |   1187 |     59 |      5 |   1016 |   2 |  623.0 |
               +--------+--------+--------+--------+--------+-----+--------+

Top non-repeatable levels by time:
     D:1: 1223 daAuts
     D:2: 23 daAuts
